 Dungeon Crawl Stone Soup version 0.29.1-15-g9cfb28693d (webtiles) character file.

Game seed: 7391063335186765707

138 growler the Insei (level 5, 0/37 HPs)
             Began as a Merfolk Transmuter on Mar 16, 2023.
             Killed by nerve-wracking pain
             ... invoked by a shadow imp
             ... summoned by Natasha
              (10 damage)
             ... on level 3 of the Dungeon.
             The game lasted 00:03:44 (3020 turns).

growler the Insei (Merfolk Transmuter)              Turns: 3020, Time: 00:03:45

Health: 0/37       AC:  2    Str: 11    XL:     5   Next: 21%
Magic:  9/9        EV: 12    Int: 14    God:
Gold:   82         SH:  0    Dex: 14    Spells: 4/10 levels left

rFire   . . .      SeeInvis .     - Unarmed
rCold   . . .      Faith    .   (no shield)
rNeg    . . .      Spirit   .   a - +0 robe
rPois   .          Reflect  .   (helmet currently unavailable)
rElec   .          Harm     .   (no cloak)
rCorr   .          Rampage  .   (no gloves)
Will    .....                   (boots currently unavailable)
Stlth   +.........              (no amulet)
HPRegen 0.12/turn               (no ring)
MPRegen 0.11/turn               (no ring)

@: appendages (expiring)
A: horns 2, (nimble swimmer 2), mertail
a: End Transformation


You were on level 3 of the Dungeon.
You had temporarily grown beastly horns.
You visited 1 branch of the dungeon, and saw 3 of its levels.

You collected 82 gold pieces.

Inventory:

Armour
 a - a +0 robe (worn)
Jewellery
 f - an amulet of faith
Scrolls
 c - a scroll of magic mapping {unknown}
 d - a scroll of enchant weapon {unknown}
 g - 3 scrolls of amnesia {unknown}
 h - 4 scrolls of identify {unknown}
 i - a scroll of immolation {unknown}
 j - a scroll of butterflies {unknown}
 l - a scroll of enchant armour {unknown}
 m - 2 scrolls of teleportation {unknown}
 q - a scroll of brand weapon {unknown}
Potions
 b - a potion of lignification
 e - a potion of degeneration {unknown}
 k - a potion of curing {unknown}
 n - a potion of might {unknown}
 o - a potion of haste {unknown}
 p - 2 potions of heal wounds {unknown}


   Skills:
 - Level 1.1 Fighting
 - Level 2.6 Dodging
 + Level 5.1 Unarmed Combat
 - Level 3.0 Spellcasting
 - Level 4.0 Transmutations


You had 4 spell levels left.
You knew the following spells:

 Your Spells              Type           Power      Damage    Failure   Level
a - Beastly Appendage     Tmut           26%        N/A       4%          1
b - Wereblood             Tmut           13%        N/A       6%          2
c - Spider Form           Tmut/Pois      7%         N/A       28%         3

Your spell library contained the following spells:

 Spells                   Type           Power      Damage    Failure   Level
 Ice Form                 Ice/Tmut       7%         N/A       67%         4


Dungeon Overview and Level Annotations

Branches:
Dungeon (3/15)

Altars:
Okawaru
Wu Jian

Annotations:
D:3 Natasha


Innate Abilities, Weirdness & Mutations

You have temporarily grown beastly horns.
((You are very nimble when in or above water. (Stealth+, EV+, Speed+++)))
Your lower body shifts to a powerful aquatic tail in water.


Message History

Natasha closely misses you.
You hit Natasha. You headbutt Natasha.
You kill Natasha!
Natasha growls in agony!
Your Unarmed Combat skill increases to level 5!
You have reached level 5!
You feel stronger.
You now have 82 gold pieces (gained 16).
Your transformation is almost over.
Your horns disappear.
Found an ornate altar of the Wu Jian Council.
Natasha, Servant of Life and Death comes into view.
Natasha growls.
Casting: Beastly Appendage (safe; 4% risk of failure)
Confirm with . or Enter, or press ? or * to list all spells.
You grow a pair of large bovine horns.
Found a glowing robe.
Natasha casts a spell.
A rat comes into view.
Natasha mumbles some strange words.
Natasha glows brightly for a moment.
Natasha claws you but does no damage. The shadow imp hits you.
You barely miss Natasha.
Natasha stares at you and mumbles some strange words.
The magic dart hits you! The shadow imp misses you.
You miss Natasha.
Natasha howls an incantation.
Natasha shimmers violently.
Natasha mumbles some strange words.
You miss Natasha. The shadow imp closely misses you. Natasha misses you.
You miss Natasha. You headbutt Natasha, but do no damage.
The shadow imp gestures at you. Pain shoots through your body!
Natasha claws you.
* * * LOW HITPOINT WARNING * * *
You hit Natasha.
Natasha is moderately wounded.
Your transformation is almost over.
The shadow imp gestures at you. Pain shoots through your body!
You die...

##.###..#.###.... #..#
#..#...##)..
###.####[####..##..
###.....##.# ##.##..
##..........# #.###.
#.....≈≈....# #.###.
#.....≈≈....# #..##.
#..♣♣..5......#####.##.
#.. ♣.@...##..##.......
#.....5h..# ..##.####..
#.............## #..
#?..≈§........ #..
##..≈§..##...# #..
#.....[# ...# #..
##...... ... ###
###.... ..


You could see Natasha, a crimson imp (summoned) and a shadow imp (summoned).

Vanquished Creatures
  A hound (D:2)
  Natasha (D:3)
  4 adders
  A dart slug (D:2)
  5 bats
  3 endoplasms (D:2)
  3 giant cockroaches (D:2)
  2 goblins
  7 hobgoblins
  4 jackals (D:2)
  A quokka (D:1)
  4 ball pythons
  2 frilled lizards (D:1)
  3 kobolds
  5 rats
46 creatures vanquished.

Notes
Turn   | Place    | Note
-------+----------+-------------------------------------------
     0 | D:1      | growler the Merfolk Transmuter began the quest for the Orb.
     0 | D:1      | Reached XP level 1. HP: 15/15 MP: 3/3
   539 | D:1      | Found a faded altar of an unknown god.
   610 | D:1      | Reached XP level 2. HP: 15/21 MP: 3/5
   613 | D:1      | Learned a level 2 spell: Wereblood
  1235 | D:2      | Reached XP level 3. HP: 8/26 MP: 4/6
  1462 | D:2      | Learned a level 3 spell: Spider Form
  1649 | D:2      | Reached skill level 4 in Unarmed Combat
  1822 | D:2      | Reached XP level 4. HP: 31/32 MP: 6/8
  2940 | D:3      | Found an iron altar of Okawaru.
  2959 | D:3      | Noticed Natasha
  2965 | D:3      | Killed Natasha
  2966 | D:3      | Reached skill level 5 in Unarmed Combat
  2966 | D:3      | Reached XP level 5. HP: 37/37 MP: 7/9
  3006 | D:3      | Found an ornate altar of the Wu Jian Council.
  3011 | D:3      | Noticed Natasha
  3020 | D:3      | Killed from afar by a shadow imp

Illustrated notes

Levels and vault maps discovered:
D:1:      ncdulo_smallfort, layout_basic, hellmonk_ecumenical_altar_zigzags,
          corexii_leaking_fountain
D:2:      layout_basic
D:3:      layout_rooms, mainiacjoe_overflow_tiny_flanked,
          nicolae_wu_jian_wuxing_cycle, uniq_natasha

Skill      XL: |  1  2  3  4 |
---------------+-------------+-----
Transmutations | 3 4 |  4.0
Unarmed Combat | 4 5 |  5.1
Spellcasting   | 3 |  3.0
Fighting       | |  1.1
Dodging        | |  2.6

Action                   |  1- 3 |  4- 6 || total
-------------------------+-------+-------++-------
Melee: Unarmed           |    69 |    76 ||   145
       Headbutt          |     9 |    16 ||    25
       Punch             |     1 |     1 ||     2
 Cast: Beastly Appendage |    15 |    14 ||    29
       Wereblood         |     1 |       ||     1
 Stab: Sleeping          |       |     1 ||     1
Armor: Robe              |    11 |    15 ||    26
Dodge: Dodged            |    49 |    46 ||    95
